 Dungeon Crawl Stone Soup version 0.30-a0-715-gdb4ae3ece1 (webtiles) character file.

Game seed: 14887762871012147120

27696 rddays123 the Warrior (level 13, -6/128 HPs)
             Began as a Minotaur Fighter on Jan 23, 2023.
             Shot with a bolt by an orc warlord (10 damage)
             ... on level 2 of the Orcish Mines on Jan 24, 2023.
             The game lasted 01:14:54 (13677 turns).

rddays123 the Warrior (Minotaur Fighter)           Turns: 13677, Time: 01:14:55

Health: -6/128     AC: 22    Str: 29    XL:     13   Next: 5%
Magic:  12/12      EV: 14    Int:  6    God:
Gold:   1782       SH:  5    Dex: 10    Spells: 12/12 levels left

rFire   . . .      SeeInvis .    a - +0 war axe (flame)
rCold   + + .      Faith    .    c - +0 buckler
rNeg    . . .      Spirit   .    x - +2 plate armour {rC+}
rPois   .          Reflect  .    (helmet unavailable)
rElec   .          Harm     .    C - +0 cloak
rCorr   .          Rampage  .    y - +0 pair of gloves
Will    .....                    h - +0 pair of boots Stlth
                                 E - amulet of Midsummer {Regen+ Int+2 Stlth+}
HPRegen 1.21/turn                n - +5 ring of evasion
MPRegen 0.13/turn                P - ring of protection from cold

@: no status effects
A: horns 3, retaliatory headbutt, strong 1, MP-powered wands, noise suppression
a: no special abilities


You were on level 2 of the Orcish Mines.
You visited 2 branches of the dungeon, and saw 16 of its levels.
You also visited: Ice Cave.

You collected 1782 gold pieces.

Inventory:

Hand Weapons
 a - a +0 war axe of flaming (weapon)
 T - a +0 war axe of electrocution
 W - a +0 great sword
Armour
 c - a +0 buckler (worn)
 h - a +0 pair of boots (worn)
 l - a +0 tower shield
 x - a +2 plate armour of cold resistance (worn)
 y - a +0 pair of gloves (worn)
 z - +0 steam dragon scales
 C - a +0 cloak (worn)
 D - a +1 chain mail of cold resistance
 G - a +0 pair of boots of rampaging
 J - a +0 pair of gloves
 M - a +0 cloak
 N - a +0 plate armour
 O - a +0 scale mail of fire resistance
Magical Staves
 F - a staff of conjuration
Jewellery
 f - a ring of flight
 n - a +5 ring of evasion (left hand)
 w - an amulet of faith
 B - a ring of poison resistance
 E - the amulet of Midsummer (around neck) {Regen+ Int+2 Stlth+}
   (You took it off a centaur on level 8 of the Dungeon)

   [amulet of regeneration]

   Int:       It affects your intelligence (+2).
   Regen:     It increases your rate of health regeneration.
   Stlth:     It makes you more stealthy.
 H - a ring of magical power
 L - a ring of see invisible
 P - a ring of protection from cold (right hand)
 Q - a +6 ring of strength
 V - a ring of ice
 Y - the ring "Deijedec" {rElec rC+++ Will+ Dex-4}
   (You found it on level 12 of the Dungeon)

   [ring of willpower]

   Dex:       It affects your dexterity (-4).
   rC:        It renders you almost immune to cold.
   rElec:     It insulates you from electricity.
   Will:      It increases your willpower.
Wands
 Z - a wand of light (4)
Scrolls
 b - a scroll of enchant armour
 e - a scroll of blinking
 g - a scroll of fear
 o - a scroll of silence
 r - 3 scrolls of noise
 s - a scroll of poison
 v - 6 scrolls of teleportation
 K - 2 scrolls of magic mapping
 R - 2 scrolls of summoning
 U - a scroll of vulnerability
 X - a scroll of amnesia
Potions
 d - a potion of might
 i - a potion of attraction
 j - a potion of invisibility
 k - a potion of berserk rage
 m - 2 potions of flight
 p - 6 potions of curing
 q - a potion of degeneration
 t - 2 potions of resistance
 u - 2 potions of mutation
 A - 3 potions of lignification
 S - a potion of cancellation
Miscellaneous
 I - a lightning rod (4/4)


   Skills:
 - Level 16.1 Fighting
 - Level 16.1 Axes
 - Level 13.1 Armour
 + Level 4.1 Dodging
 - Level 5.2 Shields


You had 12 spell levels left.
You didn't know any spells.
Your spell library contained the following spells:

 Spells                   Type           Power      Damage    Failure   Level
 Magic Dart               Conj           0%         1d3       99%         1
 Necrotise                Necr           0%         1d4       99%         1
 Call Imp                 Summ           0%         N/A       99%         2
 Cigotuvi's Dreadful Rot  Necr/Pois/Air  0%         N/A       99%         2
 Call Canine Familiar     Summ           0%         N/A       100%        3
 Frozen Ramparts          Ice            0%         1d1       100%        3
 Ignite Poison            Fire/Tmut/Pois 0%         N/A       100%        3
 Inner Flame              Hex/Fire       0%         N/A       100%        3
 Mephitic Cloud           Conj/Pois/Air  0%         N/A       100%        3
 Portal Projectile        Hex/Tloc       0%         N/A       100%        3
 Tukima's Dance           Hex            0%         N/A       100%        3
 Vampiric Draining        Necr           0%         2d6       100%        3
 Cause Fear               Hex            0%         N/A       100%        4
 Dispel Undead            Necr           0%         3d6       100%        4
 Flame Wave               Conj/Fire      0%         2d4       100%        4
 Ice Form                 Ice/Tmut       0%         N/A       100%        4
 Leda's Liquefaction      Hex/Erth       0%         N/A       100%        4
 Sticky Flame             Conj/Fire      0%         2d3       100%        4
 Summon Ice Beast         Ice/Summ       0%         N/A       100%        4
 Agony                    Necr           0%         N/A       100%        5
 Blade Hands              Tmut           0%         N/A       100%        5
 Summon Mana Viper        Hex/Summ       0%         N/A       100%        5
 Death Channel            Necr           0%         N/A       100%        6
 Dragon Form              Tmut           0%         N/A       100%        7
 Monstrous Menagerie      Summ           0%         N/A       100%        7
 Ignition                 Fire           0%         3d3       100%        8
 Dragon's Call            Summ           0%         N/A       100%        9


Dungeon Overview and Level Annotations

Branches:
Dungeon (14/15)            Temple (0/1) D:6            Lair (0/5) D:10
    Orc (2/2) D:11            Elf (0/3) Orc:2         IceCv (visited)
 Vaults: D:13-14

Altars:
Ashenzari
Cheibriados
Dithmenos
Fedhas
Kikubaaqudgha
Nemelex Xobeh
Qazlal
Ru
Sif Muna
Uskayaw
Wu Jian

Shops:
D:7 :   D:11 =   Orc:1 =[!:

Annotations:
D:4 2 transporters
D:5 3 runed translucent doors, ASSMAN's ghost, amateur GnHu
D:9 exclusion: obsidian statue
D:12 1 runed translucent door, Wid Nymp's ghost, journeyman MiHu


Innate Abilities, Weirdness & Mutations

You have a pair of large horns on your head.
You reflexively headbutt those who attack you in melee.
Your muscles are strong. (Str +4, Int/Dex -1)
You expend magic power (3 MP) to strengthen your wands.
You passively dampen the noise of your surroundings.


Message History

The orc warrior goes into a battle-frenzy!
You closely miss the orc warlord.
The orc warlord is severely wounded.
You hit the orc priest but do no damage.
The orc priest looks satisfied for a moment.
The orc warrior shoots a bolt.
The bolt closely misses you.
The bolt barely misses the orc warlord.
The orc warlord hits you with a +3 great sword of holy wrath.
You closely miss the orc warlord.
You headbutt the orc warlord, but do no damage.
The orc warlord is severely wounded.
You slash the orc priest! You burn the orc priest!
You kill the orc priest!
The orc warrior shoots a bolt.
The bolt misses you.
The bolt hits the orc warlord but does no damage.
You hit the orc warlord. You burn the orc warlord.
The orc warlord is severely wounded.
The orc warlord hits you with a +3 great sword of holy wrath!!
You hit the orc warlord but do no damage.
The orc warlord is severely wounded.
The orc warrior shoots a bolt.
You block the bolt.
The orc warlord hits you with a +3 great sword of holy wrath!!
* * * LOW HITPOINT WARNING * * *
You closely miss the orc warlord. You headbutt the orc warlord.
The orc warlord is severely wounded.
The orc warrior shoots a bolt.
The bolt barely misses you.
The bolt hits the orc warlord!
The orc warlord hits you with a +3 great sword of holy wrath!!
* * * LOW HITPOINT WARNING * * *
Okay, then.
Okay, then.
Okay, then.
Okay, then.
Blink to where?
Press: ? - help, Dir - move target
As you read the scroll of blinking, it crumbles to dust.
The orc warlord unwields a +3 great sword of holy wrath.
It stops glowing.
The orc warlord wields a +0 arbalest.
The orc warlord shoots a bolt.
The bolt hits you!
You die...

...))..)..).........##
#...#
..÷[...).)[...)o.###.##
#.##
....)[..))...)§..#....#
##
...[<).[)..[[........##
....))....[.<#......##
............#).......#
.##[........[.......##
.##[......[.##.[[..##
........o)######@.##
.........## ####
........## .........#
........... ......#....
...#.###..# ...... ##


You could see an orc warlord.

Vanquished Creatures
  Azrael (Orc:2)
  3 two-headed ogres
  3 orc high priests (Orc:2)
  2 orc knights
  A deep elf pyromancer (D:8)
  2 orc sorcerers (Orc:2)
  2 cyclopes (D:8)
  A manticore (D:8)
  An elephant (D:10)
  2 ice statues (IceCv)
  3 gargoyles
  3 unseen horrors
  A freezing wraith (IceCv)
  2 komodo dragons
  2 kobold demonologists
  2 trolls
  A hornet (D:7)
  2 wyverns (D:9)
  2 shadows
  3 fire elementals
  18 yaks
  2 wraiths
  2 basilisks (D:10)
  6 vampire mosquitoes
  A death yak simulacrum (IceCv)
  2 steam dragons
  Edmund (D:6)
  5 wargs
  An acid dragon (D:10)
  5 hell hounds
  3 water moccasins
  Duvessa (D:4)
  2 sky beasts
  21 orc warriors
  8 ogres
  10 centaurs
  4 phantoms
  A kobold brigand (D:8)
  5 bullfrogs
  2 gnoll sergeants (D:10)
  A necrophage (D:8)
  2 scorpions
  2 water moccasin zombies (D:5)
  2 cane toad simulacra (IceCv)
  11 wights
  Dowan (D:4)
  15 killer bees
  7 howler monkeys
  3 bullfrog zombies (D:5)
  A hound (D:6)
  3 jellies
  21 orc priests
  A jelly (shapeshifter) (D:8)
  3 iguanas
  21 orc wizards
  A scorpion zombie (D:5)
  A wolf simulacrum (IceCv)
  2 hound skeletons (D:5)
  A howler monkey zombie (D:5)
  9 gnolls
  10 adders
  A shadow imp (D:7)
  13 white imps
  3 ufetubi
  2 worms
  5 dart slugs
  82 orcs
  9 ball pythons
  6 bats
  9 endoplasms
  2 giant cockroaches (D:2)
  9 goblins
  14 hobgoblins
  9 jackals
  2 quokkas
  2 frilled lizards
  7 kobolds
  3 rats
435 creatures vanquished.

Vanquished Creatures (others)
  An ugly thing (IceCv)
  An orc priest (Orc:2)
  An orc wizard (D:8)
  An orc (Orc:2)
  3 withered plants (D:7)
7 creatures vanquished.

Grand Total: 442 creatures vanquished

Notes
Turn   | Place    | Note
-------+----------+-------------------------------------------
     0 | D:1      | rddays123 the Minotaur Fighter began the quest for the Orb.
     0 | D:1      | Reached XP level 1. HP: 19/19 MP: 0/0
    48 | D:1      | Reached XP level 2. HP: 27/27 MP: 1/1
   259 | D:1      | Reached XP level 3. HP: 27/33 MP: 2/2
   962 | D:2      | Reached XP level 4. HP: 41/41 MP: 3/3
  1071 | D:2      | Reached skill level 5 in Fighting
  1496 | D:3      | Reached XP level 5. HP: 45/48 MP: 4/4
  1627 | D:3      | Found a shimmering blue altar of Sif Muna.
  1812 | D:3      | Found a sacrificial altar of Ru.
  2075 | D:4      | Noticed a sky beast
  2093 | D:4      | Killed a sky beast
  2094 | D:4      | Reached skill level 5 in Axes
  2094 | D:4      | Reached XP level 6. HP: 35/57 MP: 5/5
  2271 | D:4      | Noticed Dowan
  2290 | D:4      | Killed Dowan
  2294 | D:4      | Noticed Duvessa
  2311 | D:4      | Killed Duvessa
  2312 | D:4      | Reached XP level 7. HP: 30/66 MP: 6/6
  2429 | D:3      | Gained mutation: You expend magic power (3 MP) to
                  | strengthen your wands. [potion of mutation]
  2429 | D:3      | Gained mutation: Your magical capacity is low. (-10% MP)
                  | [potion of mutation]
  2429 | D:3      | Gained mutation: You have hidden genetic potential. [potion
                  | of mutation]
  2589 | D:4      | Found a transporter.
  2639 | D:4      | Noticed a fire bat
  2640 | D:4      | Found a transporter.
  2759 | D:4      | Found a snail-covered altar of Cheibriados.
  2938 | D:4      | Noticed a fire bat
  2975 | D:5      | Entered Level 5 of the Dungeon
  3189 | D:5      | Reached XP level 8. HP: 75/75 MP: 6/6
  3194 | D:5      | Gained mutation: You have great hidden genetic potential.
                  | [hidden potential]
  3254 | D:5      | Found a hide-covered altar of Uskayaw.
  3255 | D:5      | Noticed a +0 hand axe
  3255 | D:5      | Noticed a +0 dagger
  3388 | D:5      | Found a runed translucent gate.
  3388 | D:5      | Found a runed translucent gate.
  3388 | D:5      | Found a runed translucent gate.
  3389 | D:5      | Noticed ASSMAN's ghost (amateur GnHu)
  3477 | D:5      | Found a stormy altar of Qazlal.
  4109 | D:6      | Reached skill level 10 in Fighting
  4184 | D:6      | Noticed Edmund
  4191 | D:6      | Killed Edmund
  4205 | D:6      | Reached skill level 10 in Axes
  4205 | D:6      | Reached XP level 9. HP: 60/86 MP: 7/7
  4326 | D:6      | Gained mutation: You have a pair of large horns on your
                  | head. [hidden potential]
  4326 | D:6      | Lost mutation: You have great hidden genetic potential.
                  | [hidden potential expressed]
  4358 | D:6      | Found a staircase to the Ecumenical Temple.
  4550 | D:6      | Found an ornate altar of the Wu Jian Council.
  5069 | D:7      | Found a shadowy altar of Dithmenos.
  5070 | D:7      | Found a broken altar of Ashenzari.
  5071 | D:7      | Found a blossoming altar of Fedhas.
  5183 | D:7      | Found Viudd's Vocational Training.
  5519 | D:7      | Found an ancient bone altar of Kikubaaqudgha.
  6465 | D:8      | Reached XP level 10. HP: 89/99 MP: 8/8
  6469 | D:8      | Gained mutation: Your muscles are strong. (Str +4, Int/Dex
                  | -1) [hidden potential]
  6579 | D:8      | Identified the amulet of Midsummer {Regen+ Int+2 Stlth+}
  6731 | D:8      | Noticed a gargoyle
  6757 | D:8      | Killed a gargoyle
  6812 | D:8      | Noticed a smoke demon
  6830 | D:8      | Noticed a cyclops
  6840 | D:8      | Killed a cyclops
  6965 | D:8      | Noticed a cyclops
  6988 | D:8      | Killed a cyclops
  7128 | D:8      | Noticed a manticore
  7395 | D:8      | Noticed a two-headed ogre
  7724 | D:8      | Killed a manticore
  7725 | D:8      | Noticed a deep elf pyromancer
  7740 | D:9      | Reached XP level 11. HP: 47/111 MP: 8/8
  7766 | D:9      | Gained mutation: You have great hidden genetic potential.
                  | [hidden potential]
  7766 | D:9      | Lost mutation: You have great hidden genetic potential.
                  | [hidden potential expressed]
  8033 | D:9      | Noticed an obsidian statue
  8282 | D:9      | Reached skill level 15 in Fighting
  8392 | D:10     | Entered Level 10 of the Dungeon
  8438 | D:10     | Reached skill level 5 in Armour
  8671 | D:10     | Found a staircase to the Lair.
  8891 | D:10     | Found a sparkling altar of Nemelex Xobeh.
  9217 | D:11     | Found Dabboi Uthe's Jewellery Emporium.
  9247 | D:11     | Found a staircase to the Orcish Mines.
 10003 | D:12     | You fall into a shaft and drop 2 floors!
 10071 | D:13     | Noticed a two-headed ogre
 10083 | D:13     | Killed a two-headed ogre
 10084 | D:13     | Reached skill level 10 in Armour
 10352 | D:12     | Noticed an orc knight
 10361 | D:12     | Killed an orc knight
 10362 | D:12     | Reached XP level 12. HP: 99/119 MP: 9/9
 10635 | D:12     | Noticed Wid Nymp's ghost (journeyman MiHu)
 10637 | D:12     | Found a runed translucent door.
 10670 | D:12     | Lost mutation: Your magical capacity is low. (-10% MP)
                  | [hidden potential]
 10679 | D:12     | Upgraded the game from 0.30-a0-711-gf4ac18a38d to
                  | 0.30-a0-715-gdb4ae3ece1
 10807 | D:12     | Identified the ring "Deijedec" {rElec rC+++ Will+ Dex-4}
 11283 | D:8      | Killed a two-headed ogre
 11882 | Orc:1    | Entered Level 1 of the Orcish Mines
 11882 | Orc:1    | Found Racagasm's Distillery.
 11967 | Orc:1    | Found Punopn's Armour Emporium.
 12045 | Orc:1    | Found Asa Maer's Jewellery Emporium.
 12071 | Orc:1    | Noticed a two-headed ogre
 12097 | Orc:1    | Killed a two-headed ogre
 12224 | Orc:1    | Found Vamusas's Book Emporium.
 12450 | Orc:2    | Entered Level 2 of the Orcish Mines
 12573 | Orc:2    | Reached skill level 15 in Axes
 12621 | Orc:2    | Found a staircase to the Elven Halls.
 12623 | Orc:2    | Found a frozen archway.
 12636 | IceCv    | Entered an ice cave
 12656 | IceCv    | Found a transporter.
 12703 | IceCv    | Found a transporter.
 12860 | Orc:2    | Noticed an orc high priest
 12875 | Orc:2    | Killed an orc high priest
 12968 | Orc:1    | Reached skill level 1 in Dodging
 12986 | Orc:2    | Noticed Azrael
 13008 | Orc:2    | Killed Azrael
 13012 | Orc:2    | Reached skill level 5 in Shields
 13222 | Orc:2    | Noticed an orc high priest
 13334 | Orc:2    | Killed an orc high priest
 13448 | Orc:2    | Reached XP level 13. HP: 128/128 MP: 12/12
 13498 | Orc:2    | Gained mutation: You passively dampen the noise of your
                  | surroundings. [hidden potential]
 13498 | Orc:2    | Lost mutation: You have hidden genetic potential. [hidden
                  | potential expressed]
 13507 | Orc:2    | Noticed an orc warlord
 13676 | Orc:2    | HP: 3/128 [orc warlord/+3 great sword of holy wrath (29)]
 13677 | Orc:2    | Shot with a bolt by an orc warlord

Illustrated notes

Levels and vault maps discovered:
D:1:      dpeg_arrival_fog, layout_basic, minmay_misc_feat_doors
D:2:      layout_rooms
D:3:      layout_basic, lemuel_tele_altar, nicolae_sif_muna_little_library,
          serial_glass, glass_columns_c, glass_columns_a, minivault_25,
          guppyfry_early_lair_pool
D:4:      gammafunk_cloud_chamber, layout_cave_pools, marbit_many_paths,
          uniq_duvessa
D:5:      layout_loops_ring, dancing_weapons_uskayaw,
          mainiacjoe_overflow_small_starburst, serial_undead, serial_undead_b,
          serial_undead_e, serial_undead_e, serial_undead_d, serial_undead_d,
          serial_undead_a, ebering_ghost_rock_garden
D:6:      layout_rooms, nicolae_wu_jian_immortal_techniques,
          minmay_temple_entry_statues_pillars, uniq_edmund
D:7:      layout_loops_corners, kiku_gazebo_garden_becter,
          chequers_temple_overflow_statue_of_worship, nicolae_shop_vocational
D:8:      minmay_the_grid_octo_2x2 [minmay_the_grid_octo_concentric,
          minmay_the_grid_octo_clover_2, minmay_the_grid_octo_pinwheel,
          minmay_the_grid_octo_prize_ultimate_mussel_roller], layout_basic,
          serial_glass, glass_columns_b, glass_columns_a
D:9:      layout_rooms, eino_tiny_chamber, minmay_fountain_box, minivault_16
D:10:     layout_loops_cross, old_standard_altar, david_lair_generic
D:11:     layout_long_grid, orc_0_dummy, serial_shops, shop,
          chequers_serial_rivers_micro_d, chequers_jeans
D:12:     cheibrodos_orc_bank, layout_basic, hellmonk_ghost_big_iron,
          roderic_nine_men_s_morris
D:13:     layout_loops_cross, lightli_vaults_fourway_checkpoint,
          trove_entry_hex_spiral
D:14:     minmay_shrinking_squares, layout_cave_pools,
          chequers_serial_rivers_large_a, uniq_lodul
Orc:1:    layout_caves, serial_shops, nicolae_shop_trees, shop,
          nicolae_shop_competitors_out_of_business, shop
Orc:2:    st_orc_mages, layout_caves, portal_ice_cave_entry_imps, uniq_azrael

Skill      XL: |  1  2  3  4  5  6  7  8  9 10 11 12 13 |
---------------+----------------------------------------+-----
Fighting       | 4 5 6 7 8 10 12 14 15 16 | 16.1
Armour         | 4 11 13 | 13.1
Shields        | 4 5 |  5.2
Axes           | 3 4 5 6 7 10 12 14 16 | 16.1
Dodging        | 2 4 |  4.1

Action                     |  1- 3 |  4- 6 |  7- 9 | 10-12 | 13-15 || total
---------------------------+-------+-------+-------+-------+-------++-------
  Melee: War axe           |    78 |    92 |   234 |   640 |    29 ||  1073
         Headbutt          |     4 |    13 |    54 |   132 |     6 ||   209
    Use: Scroll            |       |     1 |     9 |    12 |     1 ||    23
         Potion            |       |       |     1 |     3 |       ||     4
 Armour: Scale mail        |    42 |    44 |    15 |       |       ||   101
         Chain mail        |       |       |    93 |   113 |       ||   206
         Plate armour      |       |       |       |   147 |    14 ||   161
  Dodge: Dodged            |    45 |    44 |   119 |   341 |    26 ||   575
  Block: Buckler           |    21 |    15 |    46 |   107 |     3 ||   192

Table legend: (Time is in decaauts)
 A = Elapsed time spent in this place.
 B = Non-inter-level travel time spent in this place.
 C = Inter-level travel time spent in this place.
 D = Time resting spent in this place.
 E = Time spent auto-exploring this place.
 F = Levels seen in this place.
 G = Mean time per level.
                   A        B        C        D        E       F      G
               +--------+--------+--------+--------+--------+-----+--------+
         Total |  13656 |  13226 |    430 |   2540 |   6597 |  17 |  803.3 |
       Dungeon |  11936 |  11517 |    419 |   2188 |   6368 |  14 |  852.6 |
  Orcish Mines |   1565 |   1554 |     11 |    305 |    229 |   2 |  782.5 |
      Ice Cave |    153 |    153 |      0 |     47 |      0 |   1 |  153.0 |
               +--------+--------+--------+--------+--------+-----+--------+

Top non-repeatable levels by time:
     D:8: 1965 daAuts
     D:7: 1416 daAuts
     D:5: 1134 daAuts
    D:12: 971 daAuts
     D:1: 904 daAuts
    D:11: 901 daAuts
   Orc:1: 884 daAuts
    D:10: 841 daAuts
     D:3: 839 daAuts
     D:4: 837 daAuts
     D:6: 824 daAuts
     D:9: 693 daAuts
   Orc:2: 681 daAuts
     D:2: 457 daAuts
   IceCv: 153 daAuts
